 Dungeon Crawl Stone Soup version 0.32-a0-433-g08bcfe7efd (webtiles) character file.

Game seed: 10076040663559714341

53 CougarLife the Digger (level 3, -5/19 HPs)
             Began as a Gargoyle Earth Elementalist on Feb 23, 2024.
             Slain by a kobold
             ... wielding a +3 whip
              (7 damage)
             ... on level 3 of the Dungeon.
             The game lasted 00:01:24 (1972 turns).

CougarLife the Digger (Gargoyle Earth Elementalist) Turns: 1972, Time: 00:01:24

Health: -5/19      AC:  5    Str: 11    XL:     3   Next: 87%
Magic:  1/7        EV: 11    Int: 17    God:
Gold:   115        SH:  0    Dex: 10    Spells: 6/7 levels left

rFire   . . .        n - +0 dagger
rCold   . . .        (no shield)
rNeg    + . .        a - +0 robe
rPois   ∞            (no helmet)
rElec   +            (no cloak)
rCorr   .            (no gloves)
SInv    .            (no boots)
Will    .....        (no amulet)
Stlth   ++           (no ring)
HPRegen 0.23/turn    (no ring)
MPRegen 0.10/turn

%: no passive effects
@: no status effects
A: sickness immunity, AC +3, negative energy resistance 1, electricity
resistance, torment resistance 1, petrification resistance
a: no special abilities


You were on level 3 of the Dungeon.
You visited 1 branch of the dungeon, and saw 3 of its levels.

You collected 115 gold pieces.

Inventory:

Hand Weapons
 n - a +0 dagger (weapon)
Armour
 a - a +0 robe (worn)
Scrolls
 c - 2 scrolls of identify {unknown}
 f - a scroll of butterflies {unknown}
 g - a scroll of fog {unknown}
 i - a scroll of vulnerability {unknown}
 j - 2 scrolls of teleportation {unknown}
 k - a scroll of immolation {unknown}
Potions
 b - 3 potions of magic
 d - 2 potions of enlightenment {unknown}
 e - a potion of might {unknown}
 h - a potion of degeneration {unknown}
 l - a potion of heal wounds {unknown}
 m - a potion of curing {unknown}
 o - 2 potions of lignification {unknown}
 p - a potion of brilliance {unknown}


   Skills:
 - Level 1.5 Dodging
 - Level 2.1 Stealth
 + Level 2.7 Spellcasting
 + Level 2.3 Conjurations
 + Level 4.3 Earth Magic


You had 6 spell levels left.
You knew the following spells:

 Your Spells              Type           Power      Damage    Failure   Level
a - Sandblast             Erth           34%        2d9       3%          1

Your spell library contained the following spells:

 Spells                   Type           Power      Damage    Failure   Level
 Passwall                 Erth           17%        N/A       9%          3
 Stone Arrow              Conj/Erth      26%        3d8       14%         3
 Brom's Barrelling Bould  Conj/Erth      13%        2d4       41%         4
 Ozocubu's Armour         Ice            2%         N/A       47%         3
 Petrify                  Alch/Erth      9%         N/A       58%         4
 Metabolic Englaciation   Hex/Ice        1%         N/A       99%         5
 Sculpt Simulacrum        Ice/Alch       1%         N/A       100%        6


Dungeon Overview and Level Annotations

Branches:
Dungeon (3/15)

Altars:
Ashenzari

Shops:
D:2 ([(


Innate Abilities, Weirdness & Mutations

You are immune to sickness and miasma.
Your stone body is resilient. (AC +3)
You are immune to poison.
You resist negative energy. (rN+)
You are resistant to electric shocks. (rElec)
You are resistant to unholy torment.
You are immune to petrification.


Message History

The kobold throws a stone.
The stone hits you but does no damage.
There is a stone staircase leading down here.
The blast of sand hits the kobold but does no damage.
The kobold throws a stone.
The stone completely misses you.
A kobold is nearby!
The kobold completely misses you.
The blast of sand hits the kobold but does no damage.
The kobold hits you with a +3 whip. The kobold hits you but does no damage.
A kobold is nearby!
You closely miss the kobold. The kobold hits you with a +3 whip.
The blast of sand hits the kobold but does no damage.
The kobold hits you with a +3 whip.
A kobold is nearby!
You hit the kobold but do no damage. The kobold barely misses you.
The blast of sand misses the kobold.
The kobold hits you but does no damage. The kobold hits you with a +3 whip.
* * * LOW HITPOINT WARNING * * *
You are too injured to fight recklessly!
A kobold is nearby!
You are too injured to fight recklessly!
You are too injured to fight recklessly!
A kobold is nearby!
You are too injured to fight recklessly!
You hit the kobold but do no damage. The kobold misses you.
Casting: Sandblast (safe; 3% risk of failure)
Confirm with . or Enter, or press ? or * to list all spells.
Aiming: Sandblast (safe; 3% risk of failure)
Press: ? - help, Shift-Dir - straight line, f/p - kobold
Aim: a kobold, wielding a +3 whip, wearing the +4 ring mail of Ficveuk {Rampage +Blink Int+5 Stlth+} and quivering stones (80% to hit)
The blast of sand hits the kobold but does no damage.
The kobold hits you with a +3 whip.
* * * LOW HITPOINT WARNING * * *
Casting: Sandblast (safe; 3% risk of failure)
Confirm with . or Enter, or press ? or * to list all spells.
Aiming: Sandblast (safe; 3% risk of failure)
Press: ? - help, Shift-Dir - straight line, f/p - kobold
Aim: a kobold, wielding a +3 whip, wearing the +4 ring mail of Ficveuk {Rampage +Blink Int+5 Stlth+} and quivering stones (80% to hit)
The blast of sand misses the kobold.
The kobold closely misses you. The kobold hits you with a +3 whip!
You die...

#.[.# #.##.#.# # #...# #......#
## #. ....# ###.#.###########.
#.###.########.###........##.#
._..#.... ..#.# ##.#####.#.##
#....# #.##.###..# #..##
#...####.# #.#.#.# #.##
#.###.†...##.####.##.# #..##
#.......#....K@>.###.#####.#.##
#.###.#.####.###.# #.......##.#
#.<......###.#############.
##.######..[....# ## #.#
#.##.##.# #.# #.##.##.# #.....#
#.##.##.# #.....# #.##.##.#
#.....# #.......#


You could see a kobold.

Vanquished Creatures
  2 adders
  5 ball pythons
  4 endoplasms
  2 goblins
  2 hobgoblins
  4 jackals
  4 bats
  5 frilled lizards
  4 kobolds
  3 rats
35 creatures vanquished.

Notes
Turn   | Place    | Note
-------+----------+-------------------------------------------
     0 | D:1      | CougarLife the Gargoyle Earth Elementalist began the quest
                  | for the Orb.
     0 | D:1      | Reached XP level 1. HP: 10/10 MP: 3/3
   518 | D:1      | Found a faded altar of an unknown god.
   798 | D:2      | Reached XP level 2. HP: 15/15 MP: 3/5
   940 | D:2      | Reached skill level 4 in Earth Magic
  1082 | D:2      | Found Sucwevud's Armour Shoppe.
  1134 | D:2      | Reached XP level 3. HP: 17/19 MP: 3/6
  1192 | D:2      | Found Moighie's Antique Weapon Emporium.
  1290 | D:2      | Found Oxoekon's Weapon Boutique.
  1762 | D:3      | Found a broken altar of Ashenzari.
  1959 | D:3      | Identified the +4 ring mail of Ficveuk {Rampage +Blink
                  | Int+5 Stlth+}
  1972 | D:3      | Slain by a kobold

Illustrated notes

Levels and vault maps discovered:
D:1:      psy_arrival_basics, layout_rooms, nicolae_ecumenical_lake_church,
          serial_bayou_lake_a
D:2:      layout_basic, serial_shops, shop, nicolae_square_shop, shop,
          serial_bayou_pond_d
D:3:      layout_loops_cross, ashenzari_altar_1, st_stairs_14, uniq_robin

Skill      XL: |  1  2 |
---------------+-------+-----
Earth Magic    | 4 |  4.3
Conjurations   | 2 |  2.3
Dodging        | |  1.5
Stealth        | |  2.1
Spellcasting   | |  2.7

Action                     || total
---------------------------++-------
  Melee: Unarmed           ||    19
         Dagger            ||     6
   Cast: Sandblast         ||    53
 Armour: Robe              ||    36
  Dodge: Dodged            ||    34

Table legend: (Time is in decaauts)
 A = Elapsed time spent in this place.
 B = Non-inter-level travel time spent in this place.
 C = Inter-level travel time spent in this place.
 D = Time resting spent in this place.
 E = Time spent auto-exploring this place.
 F = Levels seen in this place.
 G = Mean time per level.
                   A        B        C        D        E       F      G
               +--------+--------+--------+--------+--------+-----+--------+
         Total |   2033 |   1936 |     97 |      0 |   1692 |   3 |  677.7 |
       Dungeon |   2033 |   1936 |     97 |      0 |   1692 |   3 |  677.7 |
               +--------+--------+--------+--------+--------+-----+--------+

Top non-repeatable levels by time:
     D:2: 832 daAuts
     D:1: 808 daAuts
     D:3: 392 daAuts
